 Dungeon Crawl Stone Soup version 0.19.3 (webtiles) character file.

10260 nono the Protected (level 11, -2/96 HPs)
             Began as a Halfling Assassin on Jan 23, 2017.
             Was a Priest of Qazlal.
             Slain by a seven-headed hydra (3 damage)
             ... on level 11 of the Dungeon.
             The game lasted 00:56:50 (14648 turns).

nono the Protected (Halfling Assassin)             Turns: 14648, Time: 00:56:50

Health: -2/96      AC: 25    Str: 23    XL:     11   Next: 89%
Magic:  16/16      EV:  3    Int:  9    God:    Qazlal [***...]
Gold:   351        SH: 18    Dex: 17    Spells: 0 memorised, 10 levels left

rFire  . . .     SeeInvis .     v - +3 short sword (freeze) (curse)
rCold  . . .     Gourm    .     (armour currently unavailable)
rNeg   + + +     Faith    .     p - +1 shield
rPois  +         Spirit   .     (helmet currently unavailable)
rElec  .         Reflect  .     (cloak currently unavailable)
rCorr  .         Harm     .     (gloves currently unavailable)
MR     .....     NoTele   +     (boots currently unavailable)
Stlth  +++.......               (no amulet)
                                D - +3 ring of strength
                                P - ring of stealth

@: mighty, tree-form
A: mutation resistance 1
a: Upheaval, Elemental Force, Renounce Religion


You were on level 11 of the Dungeon.
You worshipped Qazlal.
Qazlal was most pleased with you.
You were hungry.
You were a tree.
You visited 2 branches of the dungeon, and saw 12 of its levels.

You collected 636 gold pieces.
You spent 285 gold pieces at shops.

Inventory:

Hand Weapons
 b - a +0 blowgun
 h - a +0 falchion
 v - a cursed +3 short sword of freezing (weapon)
 C - the +2 hunting sling of Syxesetu {freeze, rElec}
   (You found it on level 8 of the Dungeon)

   It causes projectiles fired from it to freeze those they strike, causing
   extra injury to most foes and up to half again as much damage against
   particularly susceptible opponents.
   They can also slow down cold-blooded creatures.
   It insulates you from electricity.
 I - a +5 scimitar
 M - a +0 dagger of draining
 V - a +1 scimitar of holy wrath
Missiles
 e - 42 poisoned needles
 w - 66 sling bullets
 y - a curare-tipped needle
 z - 7 needles of confusion
Armour
 d - a +0 cloak (melded)
 l - a +0 pair of gloves (melded)
 p - a +1 shield (worn)
 r - a +0 chain mail
 J - a +2 leather armour of poison resistance
 U - a +0 plate armour (melded)
Jewellery
 i - an uncursed ring of fire
 D - a +3 ring of strength (right branch)
 P - a ring of stealth (left branch)
Wands
 f - a wand of confusion (21/48)
 H - a wand of confusion (23/48)
 K - a wand of paralysis (13/24)
 L - a wand of iceblast (11/15)
Scrolls
 j - a scroll of fog {unknown}
 q - 2 scrolls of remove curse
 t - a scroll of blinking
 E - 3 scrolls of immolation
 F - 2 scrolls of magic mapping
 G - a scroll of enchant armour
 N - 2 scrolls of identify
 O - a scroll of recharging {unknown}
 Q - a scroll of enchant weapon
 S - a scroll of teleportation
Potions
 a - a potion of agility
 m - 2 potions of brilliance
 s - 2 potions of flight
 A - 2 potions of curing
 B - a potion of lignification
Comestibles
 g - 10 bread rations
 n - 2 royal jellies
 x - a meat ration
 R - a beef jerky


   Skills:
 - Level 1.7 Fighting
 - Level 2.4(6.9) Short Blades
 + Level 8.5(8.6) Long Blades
 - Level 2.0 Throwing
 + Level 9.2 Armour
 + Level 8.6 Dodging
 - Level 4.3 Stealth
 + Level 9.0 Shields
 + Level 7.8 Invocations


You had 10 spell levels left.
You didn't know any spells.

Dungeon Overview and Level Annotations

Branches:
Dungeon (11/15)            Temple (1/1) D:4
   Lair: D:8-11         Orc: D:9-12

Altars:
Ashenzari
Cheibriados
Dithmenos
Elyvilon
Kikubaaqudgha
Qazlal
Ru
Trog
Vehumet
Xom
Zin

Shops:
D:5 *   D:6 ?   D:7 :

Annotations:
D:4 1 runed door


Innate Abilities, Weirdness & Mutations

You are small and have problems with some larger weapons.
You are somewhat resistant to further mutation.


Message History

The seven-headed hydra bites you but does no damage. x2
You block the seven-headed hydra's attack. x2
The seven-headed hydra bites you but does no damage. x2
You block the kobold's attack.
The big kobold hits you but does no damage.
You puncture the seven-headed hydra!
The seven-headed hydra seems to slow down.
You freeze the seven-headed hydra.
The seven-headed hydra is severely wounded.
You are feeling hungry.
The kobold hits you but does no damage. You block the big kobold's attack.
The seven-headed hydra bites you!
* * * LOW HITPOINT WARNING * * *
The seven-headed hydra bites you but does no damage. x2
You block the seven-headed hydra's attack.
The seven-headed hydra bites you.
* * * LOW HITPOINT WARNING * * *
The seven-headed hydra bites you but does no damage.
The seven-headed hydra bites you.
You die...

...............
...............
.......<.......
...............
######..####..#
#..# # #K.#
#DK# #♣K# ####


You could see a seven-headed hydra, a big kobold and 2 kobolds.

Vanquished Creatures
  Erolcha (D:9)
  The ghost of Thrillho the Conjurer, a novice OpWz of Gozag (D:8)
  A manticore (D:10)
  An ugly thing (D:10)
  A cyclops (D:10)
  A yaktaur (shapeshifter) (D:10)
  A tengu conjurer (D:10)
  2 trolls (D:9)
  A two-headed ogre (D:10)
  Prince Ribbit (D:8)
  6 slime creatures (D:10)
  A hippogriff (D:8)
  6 yaks
  Duvessa (D:5)
  2 ice beasts
  4 sky beasts
  2 phantoms
  An orc warrior (D:10)
  6 ogres
  A black bear (D:10)
  2 centaurs
  A big kobold (D:7)
  3 bullfrogs
  A gnoll sergeant (D:9)
  Dowan (D:5)
  7 scorpions
  A water moccasin skeleton (D:5)
  11 wights
  6 howler monkeys
  2 crimson imps
  2 quasits
  A centaur zombie (D:6)
  5 orc priests
  A bullfrog zombie (D:5)
  9 hounds
  4 orc wizards
  Crazy Yiuf (D:4)
  A centaur skeleton (D:6)
  2 iguanas
  3 bullfrog skeletons
  Ijyb (D:2)
  8 worker ants
  A hound zombie (D:7)
  A hound skeleton (D:6)
  3 worker ant zombies
  2 howler monkey skeletons
  5 adders
  3 gnolls (D:9)
  A shadow imp (D:8)
  2 oozes (D:1)
  An adder zombie (D:8)
  An adder skeleton (D:9)
  3 worms
  4 dart slugs
  3 leopard geckos
  31 orcs
  4 ball pythons
  6 giant cockroaches
  9 goblins
  9 hobgoblins
  14 jackals
  9 kobolds
  6 quokkas
  3 bats
  2 frilled lizards
  A leopard gecko skeleton (D:4)
  A quokka skeleton (D:4)
  8 rats
247 creatures vanquished.

Notes
Turn   | Place    | Note
-------+----------+-------------------------------------------
     0 | D:1      | nono the Halfling Assassin began the quest for the Orb.
     0 | D:1      | Reached XP level 1. HP: 14/14 MP: 1/1
    44 | D:1      | Reached XP level 2. HP: 9/19 MP: 2/2
   456 | D:1      | Reached XP level 3. HP: 12/24 MP: 3/3
  1710 | D:2      | Reached XP level 4. HP: 29/29 MP: 4/4
  1827 | D:2      | Noticed Ijyb
  1852 | D:2      | Killed Ijyb
  1852 | D:2      | Reached skill level 1 in Armour
  1852 | D:2      | Reached skill level 1 in Shields
  1929 | D:2      | Reached skill level 1 in Long Blades
  2094 | D:3      | Found a shattered altar of Ashenzari.
  2272 | D:3      | Reached XP level 5. HP: 30/34 MP: 5/5
  2668 | D:3      | Found a shimmering altar of Xom.
  3003 | D:4      | Found a runed door.
  3004 | D:4      | Found a white marble altar of Elyvilon.
  3004 | D:4      | Noticed an angel
  3032 | D:4      | Reached XP level 6. HP: 32/39 MP: 6/6
  3095 | D:4      | Found a staircase to the Ecumenical Temple.
  3103 | Temple   | Entered the Ecumenical Temple
  3109 | Temple   | Became a worshipper of Qazlal Stormbringer
  3133 | D:4      | Found an ancient bone altar of Kikubaaqudgha.
  3692 | D:4      | Noticed an ogre
  3715 | D:4      | Killed an ogre
  3715 | D:4      | Reached XP level 7. HP: 39/44 MP: 7/7
  4476 | D:4      | Found a runed door.
  4480 | D:4      | Noticed Crazy Yiuf
  4484 | D:4      | Killed Crazy Yiuf
  4629 | D:4      | Reached skill level 5 in Shields
  4629 | D:4      | Reached XP level 8. HP: 49/49 MP: 8/8
  4700 | D:4      | Reached * piety under Qazlal
  4704 | D:5      | Entered Level 5 of the Dungeon
  4974 | D:5      | Found Cuzei's Assorted Antiques.
  4989 | D:5      | Reached skill level 5 in Armour
  4993 | D:5      | Bought a scroll of remove curse for 69 gold pieces
  5678 | D:5      | Noticed Duvessa
  5719 | D:5      | Noticed Dowan
  5736 | D:5      | Killed Duvessa
  5736 | D:5      | Killed Dowan
  6000 | D:5      | Found a glowing silver altar of Zin.
  6000 | D:5      | Found a faded altar of an unknown god.
  6008 | D:5      | Found a faded altar of an unknown god.
  6011 | D:5      | Found a sacrificial altar of Ru.
  6012 | D:5      | Found a radiant altar of Vehumet.
  6605 | D:6      | Found a bloodstained altar of Trog.
  6816 | D:7      | Reached XP level 9. HP: 54/54 MP: 9/9
  6923 | D:7      | Found Caycw's Book Boutique.
  7775 | D:5      | Bought a scroll of remove curse for 69 gold pieces
  7989 | D:5      | Reached ** piety under Qazlal
  8699 | D:6      | Found Cegrub's Magic Scroll Boutique.
  9266 | D:7      | Found a shadowy altar of Dithmenos.
  9654 | D:6      | Bought a scroll of enchant weapon for 105 gold pieces
  9686 | D:6      | Reached skill level 5 in Invocations
  9974 | D:8      | Noticed Thrillho's ghost (novice OpWz)
 10040 | D:8      | Killed Thrillho's ghost
 10040 | D:8      | Reached skill level 5 in Long Blades
 10040 | D:8      | Reached XP level 10. HP: 25/60 MP: 12/14
 10215 | D:8      | Noticed Prince Ribbit
 10223 | D:8      | Killed Prince Ribbit
 10318 | D:8      | Got an encrusted hunting sling
 10511 | D:8      | Found a snail-covered altar of Cheibriados.
 12012 | D:6      | Identified the cursed +2 hunting sling of Syxesetu {freeze, rElec} (You found it on level 8 of the Dungeon)
 12014 | D:6      | Bought a scroll of remove curse for 42 gold pieces
 12427 | D:9      | Noticed Erolcha
 12442 | D:9      | Killed Erolcha
 12442 | D:9      | Reached skill level 5 in Dodging
 12442 | D:9      | Reached XP level 11. HP: 64/64 MP: 16/16
 13078 | D:10     | Entered Level 10 of the Dungeon
 13308 | D:10     | Noticed a cyclops
 13315 | D:10     | Killed a cyclops
 13447 | D:10     | Noticed a cyan ugly thing
 13460 | D:10     | Killed a cyan ugly thing
 13654 | D:10     | Reached *** piety under Qazlal
 14295 | D:10     | Noticed a manticore
 14310 | D:10     | Killed a manticore
 14629 | D:11     | Noticed a seven-headed hydra
 14648 | D:11     | HP: 4/96 [seven-headed hydra (9)]
 14648 | D:11     | HP: 1/96 [seven-headed hydra (3)]
 14648 | D:11     | Slain by a seven-headed hydra

Skill      XL: |  1  2  3  4  5  6  7  8  9 10 11 |
---------------+----------------------------------+-----
Dodging        | 2 3 5 8 |  8.6
Armour         | 1 2 3 4 6 7 8 9 |  9.2
Shields        | 1 2 4 5 6 7 8 9 |  9.0
Long Blades    | 1 2 3 4 5 7 8 |  8.5
Invocations    | 6 7 |  7.8
Fighting       | |  1.7
Short Blades   | |  2.4
Throwing       | |  2.0
Stealth        | |  4.3

Action                   |  1- 3 |  4- 6 |  7- 9 | 10-12 || total
-------------------------+-------+-------+-------+-------++-------
Melee: Dagger            |    91 |   233 |   786 |       ||  1110
       Falchion          |       |       |    85 |       ||    85
       Scimitar          |       |       |    41 |   422 ||   463
       Short sword       |       |       |       |    12 ||    12
 Fire: Blowgun           |     6 |     6 |    41 |     8 ||    61
Invok: Upheaval          |       |       |     1 |     1 ||     2
Evoke: Wand              |       |       |    10 |       ||    10
  Use: Scroll            |     2 |       |    10 |     2 ||    14
       Potion            |       |     1 |     6 |     5 ||    12
 Stab: Sleeping          |    10 |     6 |     3 |       ||    19
       Invisible         |       |       |     1 |       ||     1
       Confused          |       |       |     2 |       ||     2
  Eat: Chunk             |     2 |     7 |    15 |     9 ||    33
       Meat ration       |       |       |     1 |     1 ||     2
       Beef jerky        |       |       |     1 |       ||     1
       Pizza             |       |       |       |     1 ||     1
Armor: Robe              |    17 |       |       |       ||    17
       Ring mail         |     1 |    54 |    46 |       ||   101
       Chain mail        |       |       |   130 |   106 ||   236
       Leather armour    |       |       |    90 |    19 ||   109
       Plate armour      |       |       |       |    45 ||    45
       Skin              |       |       |       |    40 ||    40
Dodge: Dodged            |    54 |    88 |   281 |   146 ||   569
Block: Shield            |       |    85 |   527 |   392 ||  1004
       Rpst.: Falchion   |       |       |     6 |       ||     6
       Scimitar          |       |       |     3 |    37 ||    40
